 Dungeon Crawl Stone Soup version 0.29-a0-330-g52719c12eb (webtiles) character file.

Game seed: 7591023724215891349

7427 Crownlay the Cleaver (level 11, -5/101 HPs)
             Began as a Hill Orc Fighter on Apr 19, 2022.
             Was an Initiate of Gozag.
             Slain by a seven-headed hydra (7 damage)
             ... on level 8 of the Dungeon.
             The game lasted 00:16:47 (10113 turns).

Crownlay the Cleaver (Hill Orc Fighter)            Turns: 10113, Time: 00:16:48

Health: -5/101     AC: 16    Str: 24    XL:     11   Next: 15%
Magic:  11/11      EV:  7    Int:  6    God:    Gozag
Gold:   1237       SH: 10    Dex: 10    Spells: 10/10 levels left

rFire   + + +      SeeInvis +   w - +6 whip "Gelagibu" {freeze, rPois Stlth+}
rCold   + . .      Faith    .   G - +0 kite shield
rNeg    . . .      Spirit   .   E - +1 chain mail of Resourcefulness {rElec rPois rF++ Int-2}
rPois   +          Reflect  .   p - +0 helmet
rElec   +          Harm     .   H - scarf {rC+ rF+}
rCorr   .          Rampage  .   K - +0 pair of gloves
Will    .....                   (no boots)
Stlth   ..........              y - amulet of the acrobat
HPRegen 0.26/turn               J - ring of see invisible
MPRegen 0.12/turn               l - ring of protection from fire

@: mighty, gold aura, studying Axes
A: no striking features
a: Renounce Religion, Potion Petition, Call Merchant, Bribe Branch


You were on level 8 of the Dungeon.
You worshipped Gozag.
Gozag was most pleased with you.
You visited 1 branch of the dungeon, and saw 8 of its levels.
You also visited: Sewer.

You collected 1285 gold pieces.
You paid 48 gold pieces to Gozag.

Inventory:

Hand Weapons
 a - a +0 war axe
 w - the +6 whip "Gelagibu" (weapon) {freeze, rPois Stlth+}
   (You found it on level 4 of the Dungeon)

   It freezes those it strikes, dealing additional cold damage.
   It can also slow down cold-blooded creatures.
   rPois:     It protects you from poison.
   Stlth:     It makes you more stealthy.
Missiles
 t - 3 curare-tipped darts (quivered)
 C - 2 throwing nets
Armour
 c - the +1 ring mail of the Shining Light {Will++}
   (You found it on level 8 of the Dungeon)

   Will:      It greatly increases your willpower.
 p - a +0 helmet (worn)
 E - the +1 chain mail of Resourcefulness (worn) {rElec rPois rF++ Int-2}
   (You found it on level 5 of the Dungeon)

   Int:       It affects your intelligence (-2).
   rF:        It greatly protects you from fire.
   rElec:     It insulates you from electricity.
   rPois:     It protects you from poison.
 G - a +0 kite shield (worn)
 H - a scarf of resistance (worn)
 K - a +0 pair of gloves (worn)
Jewellery
 g - a ring of wizardry
 j - a +4 ring of protection
 l - a ring of protection from fire (right hand)
 s - a ring of protection from cold
 v - a ring of protection from cold
 y - an amulet of the acrobat (around neck)
 J - a ring of see invisible (left hand)
Wands
 A - a wand of iceblast (6)
Scrolls
 b - 2 scrolls of fog
 i - 6 scrolls of magic mapping
 k - 2 scrolls of teleportation
 m - a scroll of fear
 o - a scroll of enchant weapon
 B - 5 scrolls of enchant armour
 D - a scroll of immolation
 L - a scroll of torment {unknown}
Potions
 d - a potion of might
 e - a potion of degeneration {unknown}
 f - 3 potions of attraction
 h - a potion of invisibility {unknown}
 n - a potion of mutation {unknown}
 q - 3 potions of curing {unknown}
 r - 3 potions of lignification {unknown}
 u - 3 potions of magic {unknown}
 x - a potion of cancellation {unknown}
 z - 2 potions of berserk rage {unknown}
 F - a potion of haste
 I - 2 potions of flight {unknown}


   Skills:
 + Level 10.5 Fighting
 - Level 14.0 Axes
 * Level 11.9 Armour
 - Level 8.0 Shields


You had 10 spell levels left.
You didn't know any spells.
Your spell library contained the following spells:

 Spells                   Type           Power      Damage    Failure   Level
 Animate Skeleton         Necr           0%         N/A       99%         1
 Pain                     Necr           0%         1d4       99%         1
 Call Canine Familiar     Summ           0%         N/A       100%        3
 Portal Projectile        Hex/Tloc       0%         N/A       100%        3
 Vampiric Draining        Necr           0%         2d6       100%        3
 Airstrike                Air            0%         N/A       100%        4
 Hailstorm                Conj/Ice       0%         3d3       100%        4
 Ice Form                 Ice/Tmut       0%         N/A       100%        4
 Leda's Liquefaction      Hex/Erth       0%         N/A       100%        4
 Summon Lightning Spire   Summ/Air       0%         N/A       100%        4
 Iskenderun's Battlesphe  Conj           0%         2d6       100%        5
 Lightning Bolt           Conj/Air       0%         1d11      100%        5
 Iron Shot                Conj/Erth      0%         9d1       100%        6
 Simulacrum               Ice/Necr       0%         N/A       100%        6
 Spellforged Servitor     Conj/Summ      0%         N/A       100%        7


Dungeon Overview and Level Annotations

Branches:
Dungeon (8/15)             Temple (0/1) D:5            Lair (0/6) D:8
  Sewer (visited)

Altars:
Ashenzari
Cheibriados
Dithmenos
Gozag
Hepliaklqana
Kikubaaqudgha
Makhleb
Sif Muna
Trog
Uskayaw
Yredelemnul
Zin


Message History

The seven-headed hydra bites you but does no damage.
The seven-headed hydra bites you.
The seven-headed hydra barely misses you.
You block the seven-headed hydra's attack. x2
The shadow hits you.
* * * LOW HITPOINT WARNING * * *
The seven-headed hydra is no longer moving slowly.
You block the shadow's attack.
Things that are here:
a +0 hand axe; a +0 ring mail The seven-headed hydra attacks as you move away!
You block the seven-headed hydra's attack.
The seven-headed hydra misses you.
The seven-headed hydra completely misses you. x2
The seven-headed hydra bites you but does no damage.
The seven-headed hydra closely misses you.
The seven-headed hydra bites you.
* * * LOW HITPOINT WARNING * * *
You barely miss the seven-headed hydra.
The seven-headed hydra is moderately wounded.
You whack the seven-headed hydra! You freeze the seven-headed hydra.
The seven-headed hydra is heavily wounded.
You block the seven-headed hydra's attack.
The seven-headed hydra bites you but does no damage. x2
The seven-headed hydra bites you!
* * * LOW HITPOINT WARNING * * *
The seven-headed hydra bites you but does no damage.
The seven-headed hydra bites you!
* * * LOW HITPOINT WARNING * * *
The seven-headed hydra bites you!
* * * LOW HITPOINT WARNING * * *
As you read the scroll of fear, it crumbles to dust.
You assume a fearsome visage.
The seven-headed hydra resists with some effort.
The shadow is unaffected.
The wraith is unaffected.
The seven-headed hydra closely misses you.
You block the seven-headed hydra's attack.
The seven-headed hydra bites you!
You die...
Your body crumbles into a pile of gold.

≈≈≈♣# ♣ ♣
#...#..####.#
≈≈≈≈# . . #..###.#
≈≈≈≈#♣. .♣#.##...#
≈≈≈≈#.♣♣♣.#.##.#)#
.≈≈≈#.♣.♣.#.##...#
..≈≈#.♣.♣.#.##.#$#
..♣♣#.♣.♣.#.##...#
≈......≈....##.#.#
..♣♣#.♣.♣.#.##..@#
..≈≈#.♣.♣.#.####D#
.≈≈≈#.♣.♣.#.##.WW#
≈≈≈≈#.♣♣♣.#.##.#.#
≈≈≈≈#♣. .♣#.##..$#
≈≈≈≈# . .
#.##.#.'...# ≈≈≈♣#
♣ ♣ .##...#...#
#### #.#.#...#
♣♣♣♣ #...# .##


You could see a seven-headed hydra, a wraith and a shadow.

Vanquished Creatures
  3 two-headed ogres (D:8)
  Pikel (D:6)
  The ghost of Athor the Cutter, a novice VSFi of Okawaru (D:6)
  A deep elf pyromancer (D:8)
  A hornet (D:8)
  A slime creature (D:8)
  A vampire (D:8)
  5 yaks
  A wyvern (D:8)
  Eustachio (D:6)
  3 steam dragons
  Pargi (Sewer)
  2 black bears
  2 orc warriors (D:8)
  A sky beast (D:7)
  An ice beast (D:6)
  2 phantoms (D:5)
  2 lemures (D:6)
  2 kobold brigands (D:8)
  5 bullfrogs
  Blork the orc (D:6)
  2 scorpions
  3 wights (D:8)
  5 electric eels (D:8)
  3 howler monkeys (D:7)
  An orc priest (D:5)
  A gnoll shaman (D:7)
  A jelly (D:4)
  Crazy Yiuf (D:3)
  3 iguanas
  5 orc wizards
  Robin (D:2)
  6 gnolls
  7 adders
  A shadow imp (D:7)
  A worm (D:2)
  5 dart slugs
  24 orcs
  7 ball pythons
  5 endoplasms
  2 giant cockroaches (D:2)
  17 goblins
  8 hobgoblins
  2 jackals (D:3)
  6 quokkas
  7 bats
  2 frilled lizards (D:2)
  17 kobolds
  6 rats
187 creatures vanquished.

Vanquished Creatures (others)
  7 fungi
  5 plants
12 creatures vanquished.

Grand Total: 199 creatures vanquished

Notes
Turn   | Place    | Note
-------+----------+-------------------------------------------
     0 | D:1      | Crownlay the Hill Orc Fighter began the quest for the Orb.
     0 | D:1      | Reached XP level 1. HP: 19/19 MP: 1/1
    18 | D:1      | Reached skill level 3 in Axes
   162 | D:1      | Reached XP level 2. HP: 27/27 MP: 2/2
   469 | D:1      | Reached XP level 3. HP: 33/33 MP: 3/3
   570 | D:1      | Reached skill level 4 in Axes
  1069 | D:2      | Found a faded altar of an unknown god.
  1069 | D:2      | Identified the +0 robe of Indomitability {rElec Regen+
                  | Str+2}
  1240 | D:2      | Reached XP level 4. HP: 40/40 MP: 4/4
  1358 | D:2      | Noticed Robin
  1382 | D:2      | Killed Robin
  1694 | D:3      | Identified the +0 dagger of Disharmony {drain, Int+6}
  1786 | D:3      | Found a broken altar of Ashenzari.
  1792 | D:3      | Found an opulent altar of Gozag.
  1792 | D:3      | Found a shadowy altar of Dithmenos.
  1802 | D:3      | Reached skill level 5 in Axes
  1802 | D:3      | Reached XP level 5. HP: 12/47 MP: 5/5
  2035 | D:3      | Became a worshipper of Gozag Ym Sagoz the Greedy
  2401 | D:3      | Found a runed translucent door.
  2417 | D:3      | Noticed Crazy Yiuf
  2428 | D:3      | Killed Crazy Yiuf
  2664 | D:3      | Found a snail-covered altar of Cheibriados.
  2888 | D:3      | Found a glowing silver altar of Zin.
  2960 | D:3      | Reached skill level 6 in Axes
  3166 | D:4      | Identified the +6 whip "Gelagibu" {freeze, rPois Stlth+}
  3196 | D:4      | Reached skill level 5 in Fighting
  3196 | D:4      | Reached XP level 6. HP: 41/56 MP: 6/6
  3291 | D:4      | Found a basalt altar of Yredelemnul.
  3291 | D:4      | Found a burning altar of Makhleb.
  3292 | D:4      | Found a hide-covered altar of Uskayaw.
  3730 | D:5      | Entered Level 5 of the Dungeon
  3737 | D:5      | Found a glowing drain.
  3763 | Sewer    | Entered a sewer
  3826 | Sewer    | Noticed Pargi
  3855 | Sewer    | Killed Pargi
  3856 | Sewer    | Reached skill level 7 in Axes
  4237 | D:5      | Found a staircase to the Ecumenical Temple.
  4254 | D:5      | Reached skill level 8 in Axes
  4254 | D:5      | Reached skill level 5 in Shields
  4254 | D:5      | Reached XP level 7. HP: 60/61 MP: 7/7
  4513 | D:5      | Found Gaumes's Serpentskin Sales.
  4594 | D:5      | Identified the +1 chain mail of Resourcefulness {rElec
                  | rPois rF++ Int-2}
  4603 | D:5      | Reached skill level 9 in Axes
  5443 | D:6      | Noticed Athor's ghost (novice VSFi)
  5468 | D:6      | Found a runed translucent door.
  5537 | D:6      | Reached skill level 10 in Axes
  5537 | D:6      | Reached XP level 8. HP: 57/70 MP: 8/8
  5621 | D:6      | Noticed Pikel
  5638 | D:6      | Killed Pikel
  5639 | D:6      | Reached skill level 11 in Axes
  5639 | D:6      | Reached skill level 5 in Armour
  5916 | D:6      | Found a bloodstained altar of Trog.
  6183 | D:6      | Noticed Eustachio
  6201 | D:6      | Killed Eustachio
  6202 | D:6      | Reached skill level 12 in Axes
  6351 | D:6      | Noticed Blork the orc
  6360 | D:6      | Reached XP level 9. HP: 78/78 MP: 9/9
  6363 | D:6      | Killed Blork the orc
  6520 | D:6      | Killed Athor's ghost
  6521 | D:6      | Reached skill level 13 in Axes
  6727 | D:7      | Reached skill level 14 in Axes
  7176 | D:7      | Found an ancient bone altar of Kikubaaqudgha.
  7320 | D:7      | Reached XP level 10. HP: 88/88 MP: 10/10
  7800 | D:8      | Found a staircase to the Lair.
  7999 | D:8      | Noticed a deep elf pyromancer
  8033 | D:8      | Killed a deep elf pyromancer
  8038 | D:8      | Noticed a two-headed ogre
  8515 | D:8      | Killed a two-headed ogre
  8516 | D:8      | Reached skill level 10 in Armour
  8642 | D:8      | Found a shimmering blue altar of Sif Muna.
  8691 | D:8      | Identified the +1 ring mail of the Shining Light {Will++}
  8715 | D:8      | Noticed a two-headed ogre
  8725 | D:8      | Killed a two-headed ogre
  9206 | D:8      | Noticed a two-headed ogre
  9227 | D:8      | Killed a two-headed ogre
  9228 | D:8      | Reached skill level 10 in Fighting
  9228 | D:8      | Reached XP level 11. HP: 37/100 MP: 11/11
  9576 | D:8      | Noticed a seven-headed hydra
  9642 | D:8      | Found a faded altar of an unknown god.
  9643 | D:8      | Found a hazy altar of Hepliaklqana.
 10112 | D:8      | HP: 2/101 [seven-headed hydra (8)]
 10113 | D:8      | Slain by a seven-headed hydra

Illustrated notes

Levels and vault maps discovered:
D:1:      dpeg_arrival_pits, layout_rooms, roderic_lattice_a, minmay_unequal
D:2:      layout_loops_cross, shapermc_ecumenical_altar_acropolis, uniq_robin
D:3:      layout_basic, grunt_temple_overflow_open, amcnicky_altar_gilded,
          zin_scriptorium, uniq_crazy_yiuf_cottage
D:4:      layout_basic, chequers_temple_overflow_statue_of_worship
D:5:      layout_basic, temple_pool_b, cheibrodos_sewer_entry_drain,
          guppyfry_shop_venom
D:6:      layout_basic, mainiacjoe_overflow_paths,
          hellmonk_ghost_happy_afterlife, uniq_pikel, uniq_blork_the_orc,
          uniq_eustachio
D:7:      layout_rooms, mainiacjoe_overflow_alcove_1
D:8:      nzn_winding_woodlands_cross [nzn_winding_woodlands_5x15_pool,
          nzn_winding_woodlands_5x15_eye,
          nzn_winding_woodlands_5x15_split_checker,
          nzn_winding_woodlands_5x15_crooked,
          nzn_winding_woodlands_15x15_eel_pit], layout_basic,
          mainiacjoe_overflow_surrounded_room,
          beargit_hepliaklqana_dungeon_heroes, hangedman_minor_gate_pass

Skill      XL: |  1  2  3  4  5  6  7  8  9 10 |
---------------+-------------------------------+-----
Axes           | 3 4 5 6 8 10 12 14 | 14.0
Fighting       | 4 5 6 8 10 | 10.5
Shields        | 4 5 6 7 8 |  8.0
Armour         | 4 6 8 11 | 11.9

Action                   |  1- 3 |  4- 6 |  7- 9 | 10-12 || total
-------------------------+-------+-------+-------+-------++-------
Melee: War axe           |   101 |   226 |   224 |   188 ||   739
       Whip              |       |       |       |    10 ||    10
Evoke: Wand              |       |       |       |     1 ||     1
  Use: Scroll            |       |     8 |     4 |     4 ||    16
       Potion            |       |       |     1 |     2 ||     3
Armor: Scale mail        |    53 |   156 |    16 |       ||   225
       Chain mail        |       |       |   130 |    73 ||   203
Dodge: Dodged            |    51 |   139 |    75 |    63 ||   328
Block: Buckler           |    33 |    70 |     9 |       ||   112
       Kite shield       |       |       |    96 |    72 ||   168

Table legend: (Time is in decaauts)
 A = Elapsed time spent in this place.
 B = Non-inter-level travel time spent in this place.
 C = Inter-level travel time spent in this place.
 D = Time resting spent in this place.
 E = Time spent auto-exploring this place.
 F = Levels seen in this place.
 G = Mean time per level.
                   A        B        C        D        E       F      G
               +--------+--------+--------+--------+--------+-----+--------+
         Total |  10222 |  10005 |    217 |      0 |   8263 |   9 | 1135.8 |
       Dungeon |   9934 |   9717 |    217 |      0 |   8069 |   8 | 1241.8 |
         Sewer |    288 |    288 |      0 |      0 |    194 |   1 |  288.0 |
               +--------+--------+--------+--------+--------+-----+--------+

Top non-repeatable levels by time:
     D:8: 2153 daAuts
     D:6: 1830 daAuts
     D:3: 1496 daAuts
     D:5: 1093 daAuts
     D:7: 1045 daAuts
     D:2: 944 daAuts
     D:1: 750 daAuts
     D:4: 620 daAuts
   Sewer: 288 daAuts
